AoeStats
← FierroFlash

Arabia

511030002Analyzed
1v1 RM · 8h ago on Oct 3, 2026· 21m 55s· 2 players
Game mode
Random Map
Map size
Tiny (2 player)
Population
200
Speed
Normal
Resources
Standard
Victory
Conquest
Starting age
Dark Age
Ending age
Imperial Age
RankedLock teamsTeams togetherTeam positionsShared explorationLock speedFull tech treeHidden civsTurbo modeCheats
Victory
Defeat
🇲🇽 Persians · Mexico
2139
+13
🇨🇱 Gurjaras · Chile
2082
-13
EXILE | Jürgen
5:52 Loom
8:58 Feudal Age
9:29 Double-Bit Axe
9:52 Horse Collar
14:11 Town Watch
16:28 Fletching
22:21 Castle Age
20:13 Gold Mining
20:50 Padded Archer Armor
22:09 Wheelbarrow
FierroFlash
6:10 Loom
8:51 Feudal Age
8:58 Man-at-Arms
9:44 Double-Bit Axe
14:29 Fletching
20:37 Castle Age
18:32 Horse Collar
19:16 Gold Mining
20:35 Padded Archer Armor
20:30 Crossbowman
21:05 Bodkin Arrow
23:09 Gold Shaft Mining
22:44 Bow Saw
Connection lost

Rejoining the realm…

Still unreachable

The connection could not be restored.

Session expired

The server has moved on; the page needs a fresh start.